 Dungeon Crawl Stone Soup version 0.27.1-1-g398f81649c (webtiles) character file.

Game seed: 5611432386656316169

647 chaosape the Covered (level 7, 0/56 HPs)
             Began as a Gnoll Wanderer on Sept 13, 2021.
             Slain by Pikel (4 damage)
             ... on level 5 of the Dungeon.
             The game lasted 00:17:23 (4199 turns).

chaosape the Covered (Gnoll Wanderer)               Turns: 4199, Time: 00:17:24

Health: 0/56       AC: 15    Str: 13    XL:     7   Next: 52%
Magic:  10/10      EV:  8    Int: 12    God:
Gold:   281        SH:  0    Dex: 11    Spells: 11/11 levels left

rFire    . . .     SeeInvis .   F - +3 mace
rCold    . . .     Faith    .   (no shield)
rNeg     . . .     Spirit   .   q - +0 plate armour
rPois    .         Reflect  .   (no helmet)
rElec    .         Harm     .   v - +0 cloak
rCorr    .         Rampage  .   (no gloves)
Will     .....                  i - +0 pair of boots
Stlth    ..........             m - amulet of regeneration
HPRegen  1.18/turn              s - +4 ring of evasion
MPRegen  0.12/turn              (no ring)

@: no status effects
A: fangs 1, strong nose, distributed training
a: no special abilities


You were on level 5 of the Dungeon.
You visited 1 branch of the dungeon, and saw 5 of its levels.

You collected 281 gold pieces.

Inventory:

Hand Weapons
 a - a +2 dagger
 d - a +0 mace
 n - a +0 spear
 r - a +0 mace
 t - a +3 morningstar
 x - a +0 spear
 y - a +0 hand crossbow
 F - a +3 mace (weapon)
Missiles
 b - a curare-tipped dart (quivered)
 l - 70 arrows
 o - 23 poisoned darts
Armour
 c - a +0 ring mail
 i - a +0 pair of boots (worn)
 q - a +0 plate armour (worn)
 v - a +0 cloak (worn)
Jewellery
 m - an amulet of regeneration (around neck)
 s - a +4 ring of evasion (left hand)
 w - a ring of fire
Scrolls
 e - a scroll of teleportation
 j - a scroll of torment {unknown}
 p - a scroll of magic mapping {unknown}
 B - a scroll of brand weapon {unknown}
 C - a scroll of enchant weapon {unknown}
 D - a scroll of noise {unknown}
 E - a scroll of identify {unknown}
Potions
 f - a potion of cancellation {unknown}
 g - a potion of curing
 h - a potion of brilliance
 k - a potion of haste {unknown}
 u - a potion of heal wounds {unknown}
 z - 2 potions of lignification {unknown}
 A - 2 potions of degeneration {unknown}


   Skills:
 + Level 5.2 Fighting
 + Level 2.5 Short Blades
 + Level 2.5 Long Blades
 + Level 2.5 Axes
 + Level 7.0 Maces & Flails
 + Level 2.5 Polearms
 + Level 2.5 Staves
 + Level 2.5 Slings
 + Level 2.5 Bows
 + Level 2.5 Crossbows
 + Level 5.2 Throwing
 + Level 7.0 Armour
 + Level 2.5 Dodging
 + Level 2.5 Stealth
 + Level 2.5 Shields
 + Level 2.5 Unarmed Combat
 + Level 2.5 Spellcasting
 + Level 2.0 Conjurations
 + Level 2.0 Hexes
 + Level 2.0 Summonings
 + Level 2.0 Necromancy
 + Level 2.0 Translocations
 + Level 2.0 Transmutations
 + Level 2.0 Fire Magic
 + Level 2.0 Ice Magic
 + Level 2.0 Air Magic
 + Level 2.0 Earth Magic
 + Level 2.0 Poison Magic
 + Level 2.8 Invocations
 + Level 2.5 Evocations


You had 11 spell levels left.
You didn't know any spells.
Your spell library contained the following spells:

 Spells                   Type           Power      Damage    Failure   Level
 Animate Skeleton         Necr           12%        N/A       100%        1
 Apportation              Tloc           12%        N/A       100%        1
 Corona                   Hex            6%         N/A       100%        1
 Magic Dart               Conj           24%        1d4       100%        1
 Summon Small Mammal      Summ           24%        N/A       100%        1
 Call Imp                 Summ           6%         N/A       100%        2
 Ensorcelled Hibernation  Hex/Ice        12%        N/A       100%        2
 Mephitic Cloud           Conj/Pois/Air  6%         N/A       100%        3
 Tukima's Dance           Hex            6%         N/A       100%        3


Dungeon Overview and Level Annotations

Branches:
Dungeon (5/15)
 Temple: D:4-7

Altars:
Dithmenos
Hepliaklqana
Ru

Annotations:
D:5 1 runed translucent door, Crazy Yiuf, Pikel


Innate Abilities, Weirdness & Mutations

You have very sharp teeth.
Your uncanny sense of smell can sniff out nearby items.
Your experience applies equally to all skills.


Message History

The lemure shouts!
You hear a shout!
You hear an angry hiss. 2 lemures come into view.
The lemure shouts! x2
Pikel the Slaver comes into view.
He is wielding a +2 whip of electrocution.
A lemure comes into view.
The lemure moves out of view.
The lemure barely misses you.
Pikel says, "You'll make a fine lemure."
You thump the lemure!
The lemure is moderately wounded.
The lemure hits you.
You barely miss the lemure. Your bite misses the lemure.
The lemure is moderately wounded.
The lemure hits you!
You closely miss the lemure.
The lemure is moderately wounded.
The lemure hits you but does no damage.
You closely miss the lemure. Your bite misses the lemure.
The lemure is moderately wounded.
You sock Pikel!
Pikel is lightly wounded.
You hit Pikel.
Pikel is moderately wounded.
Pikel closely misses you.
You hit Pikel but do no damage.
Pikel is moderately wounded.
Pikel hits you but does no damage.
You are electrocuted!
You hit Pikel.
Pikel is moderately wounded.
Pikel closely misses you.
You closely miss Pikel.
Pikel is moderately wounded.
Pikel hits you with a +2 whip of electrocution!
You are electrocuted!
Pikel hits you but does no damage.
You are electrocuted!!
* * * LOW HITPOINT WARNING * * *
You hit Pikel.
Pikel is moderately wounded.
Pikel waves his whip at you.
Pikel hits you with a +2 whip of electrocution.
You die...

♣♣.♣ #........# ## ♣.♣♣
#........# .# ♣♣.♣♣
#........# .# ♣...♣♣
#>.......#### .# ♣....♣
#.........<.# .# #....#
#.......###..#
.####..######.....##
#..#
...##...#..###.#.##
#... ...###.##..))..#@#
##... ####
#.....#####K# .#
##>...# #5# #
####.#..#####5#
#......<....55#######
###.##.................
#...<...######..#######
##....#.## #..#
..>##...# #..#


You could see Pikel and 4 lemures.

Vanquished Creatures
  A wyvern (D:4)
  A black bear (D:4)
  A phantom (D:4)
  A scorpion (D:4)
  A gnoll shaman (D:4)
  A hound (D:5)
  A centaur skeleton (D:5)
  An iguana (D:4)
  An orc wizard (D:5)
  3 gnolls (D:4)
  2 adders (D:3)
  A white imp (D:3)
  2 worms
  3 dart slugs
  5 orcs
  6 ball pythons
  7 endoplasms
  2 giant cockroaches
  10 goblins
  5 hobgoblins
  2 jackals (D:2)
  7 kobolds
  4 quokkas
  5 bats
  4 frilled lizards
  7 rats
84 creatures vanquished.

Notes
Turn   | Place    | Note
-------+----------+-------------------------------------------
     0 | D:1      | chaosape the Gnoll Wanderer began the quest for the Orb.
     0 | D:1      | chaosape set off with the following items: a +2 dagger, a
                  | curare-tipped dart, a +0 ring mail, a +0 mace
     0 | D:1      | Reached XP level 1. HP: 20/20 MP: 1/1
   334 | D:1      | Reached XP level 2. HP: 26/26 MP: 2/2
   994 | D:1      | Reached XP level 3. HP: 30/31 MP: 3/3
  1517 | D:2      | Found a faded altar of an unknown god.
  1788 | D:2      | Reached skill level 1 in Invocations
  2219 | D:2      | Reached skill level 1 in Short Blades
  2219 | D:2      | Reached skill level 1 in Long Blades
  2219 | D:2      | Reached skill level 1 in Axes
  2219 | D:2      | Reached skill level 1 in Polearms
  2219 | D:2      | Reached skill level 1 in Staves
  2219 | D:2      | Reached skill level 1 in Slings
  2219 | D:2      | Reached skill level 1 in Bows
  2219 | D:2      | Reached skill level 1 in Crossbows
  2219 | D:2      | Reached skill level 1 in Dodging
  2219 | D:2      | Reached skill level 1 in Stealth
  2219 | D:2      | Reached skill level 1 in Shields
  2219 | D:2      | Reached skill level 1 in Unarmed Combat
  2219 | D:2      | Reached skill level 1 in Spellcasting
  2219 | D:2      | Reached skill level 1 in Evocations
  2480 | D:3      | Reached XP level 4. HP: 38/38 MP: 5/5
  2814 | D:3      | Noticed a shadow
  2815 | D:3      | Found a shadowy altar of Dithmenos.
  2818 | D:3      | Found a hazy altar of Hepliaklqana.
  3029 | D:3      | Found a sacrificial altar of Ru.
  3103 | D:3      | Reached skill level 1 in Conjurations
  3103 | D:3      | Reached skill level 1 in Hexes
  3103 | D:3      | Reached skill level 1 in Summonings
  3103 | D:3      | Reached skill level 1 in Necromancy
  3103 | D:3      | Reached skill level 1 in Translocations
  3103 | D:3      | Reached skill level 1 in Transmutations
  3103 | D:3      | Reached skill level 1 in Fire Magic
  3103 | D:3      | Reached skill level 1 in Ice Magic
  3103 | D:3      | Reached skill level 1 in Air Magic
  3103 | D:3      | Reached skill level 1 in Earth Magic
  3103 | D:3      | Reached skill level 1 in Poison Magic
  3317 | D:4      | Reached XP level 5. HP: 35/43 MP: 5/7
  3358 | D:4      | Noticed a wyvern
  3363 | D:4      | Killed a wyvern
  3364 | D:4      | Reached skill level 5 in Fighting
  3364 | D:4      | Reached skill level 5 in Throwing
  3364 | D:4      | Reached XP level 6. HP: 31/51 MP: 8/8
  3650 | D:4      | Noticed a black bear
  3659 | D:4      | Killed a black bear
  3723 | D:4      | Reached XP level 7. HP: 50/56 MP: 10/10
  4002 | D:5      | Entered Level 5 of the Dungeon
  4094 | D:5      | Found a runed translucent door.
  4095 | D:5      | Noticed Crazy Yiuf
  4174 | D:5      | Noticed Pikel
  4198 | D:5      | HP: 2/56 [Pikel (18)]
  4199 | D:5      | Slain by Pikel

Illustrated notes

Levels and vault maps discovered:
D:1:      mushboom_english_gardens, layout_rooms
D:2:      layout_basic, shapermc_ecumenical_altar_mp_highgroup
D:3:      layout_loops_ring, riverfiend_overflow_shadow_ancestor,
          mainiacjoe_overflow_alcove_4, serial_park_tiny_2
D:4:      layout_loops_ring
D:5:      layout_rooms, minmay_temple_entry_antechambers,
          grunt_decor_resistance, uniq_pikel, uniq_crazy_yiuf_cottage

Skill      XL: |  1  2  3  4  5  6  7 |
---------------+----------------------+-----
Invocations    | 1 2 |  2.8
Short Blades   | 1 2 |  2.5
Long Blades    | 1 2 |  2.5
Axes           | 1 2 |  2.5
Polearms       | 1 2 |  2.5
Staves         | 1 2 |  2.5
Slings         | 1 2 |  2.5
Bows           | 1 2 |  2.5
Crossbows      | 1 2 |  2.5
Dodging        | 1 2 |  2.5
Stealth        | 1 2 |  2.5
Shields        | 1 2 |  2.5
Unarmed Combat | 1 2 |  2.5
Spellcasting   | 1 2 |  2.5
Evocations     | 1 2 |  2.5
Conjurations   | 1 2 |  2.0
Hexes          | 1 2 |  2.0
Summonings     | 1 2 |  2.0
Necromancy     | 1 2 |  2.0
Translocations | 1 2 |  2.0
Transmutations | 1 2 |  2.0
Fire Magic     | 1 2 |  2.0
Ice Magic      | 1 2 |  2.0
Air Magic      | 1 2 |  2.0
Earth Magic    | 1 2 |  2.0
Poison Magic   | 1 2 |  2.0
Fighting       | 5 |  5.2
Throwing       | 5 |  5.2
Maces & Flails | 7 |  7.0
Armour         | 7 |  7.0

Action                   |  1- 3 |  4- 6 |  7- 9 || total
-------------------------+-------+-------+-------++-------
Melee: Dagger            |   173 |    27 |       ||   200
       Bite              |    19 |     9 |     3 ||    31
       Mace              |       |    28 |    10 ||    38
       Morningstar       |       |    45 |    30 ||    75
  Use: Potion            |       |       |     2 ||     2
       Scroll            |       |       |     1 ||     1
Armor: Ring mail         |    80 |     8 |       ||    88
       Plate armour      |       |    45 |    16 ||    61
Dodge: Dodged            |    74 |    43 |    16 ||   133
